 Dungeon Crawl Stone Soup version 0.29.1-15-g9cfb28693d (webtiles) character file.

Game seed: 9182003890920407698

92 blazefirestorm the Trooper (level 4, -6/41 HPs)
             Began as a Minotaur Abyssal Knight on Mar 3, 2023.
             Was a Priest of Lugonu.
             Killed by divine providence
             ... invoked by an orc priest
              (16 damage)
             ... on level 4 of the Dungeon.
             The game lasted 00:21:33 (2332 turns).

blazefirestorm the Trooper (MiAK)                   Turns: 2332, Time: 00:21:34

Health: -6/41      AC: 11    Str: 19    XL:     4   Next: 35%
Magic:  4/4        EV:  6    Int:  7    God:    Lugonu [***...]
Gold:   116        SH:  0    Dex: 11    Spells: 3/3 levels left

rFire   . . .      SeeInvis .   a - +1 mace
rCold   . . .      Faith    .   (no shield)
rNeg    . . .      Spirit   .   i - +0 plate armour
rPois   .          Reflect  .   (helmet restricted)
rElec   .          Harm     .   (no cloak)
rCorr   .          Rampage  .   (no gloves)
Will    .....                   (no boots)
Stlth   ..........              (no amulet)
HPRegen 0.13/turn               (no ring)
MPRegen 0.09/turn               (no ring)

@: on berserk cooldown, slowed, unable to read, unable to drink, very slow
A: horns 2, retaliatory headbutt, inability to drink after injury 1, inability
to read after injury 1
a: Renounce Religion, Depart the Abyss, Bend Space, Banish


You were on level 4 of the Dungeon.
You worshipped Lugonu.
Lugonu was most pleased with you.
You visited 1 branch of the dungeon, and saw 3 of its levels.
You visited the Abyss 1 time.

You collected 116 gold pieces.

Inventory:

Hand Weapons
 a - a +1 mace (weapon)
 d - a +0 dagger
 k - a +2 dagger of holy wrath
 p - a +3 mace
 t - a +0 flail
Armour
 b - a +0 leather armour
 e - a +0 ring mail
 i - a +0 plate armour (worn)
 r - a +0 chain mail
 s - a +0 pair of boots
Scrolls
 c - a scroll of identify {unknown}
 f - a scroll of vulnerability {unknown}
 j - 2 scrolls of poison {unknown}
 l - a scroll of summoning {unknown}
 m - a scroll of teleportation {unknown}
 n - a scroll of noise {unknown}
 o - a scroll of butterflies {unknown}
Potions
 g - 2 potions of heal wounds
 q - a potion of haste {unknown}


   Skills:
 + Level 4.6 Fighting
 + Level 3.8 Maces & Flails
 + Level 3.1 Armour
 + Level 1.6 Dodging
 + Level 0.1 Stealth
 + Level 2.0 Invocations


You had 3 spell levels left.
You didn't know any spells.
Your spell library contained the following spells:

 Spells                   Type           Power      Damage    Failure   Level
 Sandblast                Erth           0%         2d4       100%        1
 Passwall                 Tmut/Erth      0%         N/A       100%        2
 Stone Arrow              Conj/Erth      0%         3d7       100%        3


Dungeon Overview and Level Annotations

Branches:
Dungeon (2/15)

Altars:

Shops:
D:2 [


Innate Abilities, Weirdness & Mutations

You have a pair of horns on your head.
You reflexively headbutt those who attack you in melee.
You occasionally lose the ability to drink potions when taking damage.
You occasionally lose the ability to read scrolls when taking damage.


Message History

You bump into the rock wall.
Something hits you but does no damage. The orc hits you but does no damage.
The orc wizard hits you but does no damage.
You miss something.
You feel less confused.
You hear some strange, mumbled words.
A puff of flame appears from out of thin air!
The puff of flame hits you. The orc barely misses you.
The orc wizard gestures at you while chanting.
You resist with some effort. The orc closely misses you.
The orc hits you with a +0 short sword. The orc hits you but does no damage.
The orc wizard hits you but does no damage.
The orc throws a boomerang.
Something hits you but does no damage.
You sock the orc wizard! You headbutt the orc wizard.
The orc wizard is almost dead.
The orc hits you with a +0 short sword. The orc hits you but does no damage.
You hear some strange, mumbled words.
Something tries to affect you, but you resist.
The orc wizard hits you with a +0 dagger.
The orc hits you but does no damage. Something hits you but does no damage.
The orc hits you from afar with a +0 trident.
The orc priest calls down the wrath of Beogh upon you.
Beogh smites you!
You feel threatened and lose the ability to drink potions!
* * * LOW HITPOINT WARNING * * *
The orc wizard hits you but does no damage.
You cannot drink potions in your current state!
You cannot drink potions in your current state!
You closely miss the orc wizard.
You headbutt the orc wizard, but do no damage.
The orc wizard is almost dead.
The orc hits you but does no damage.
The orc throws a boomerang.
The boomerang hits you but does no damage.
The orc barely misses you. Something hits you but does no damage.
The orc wizard gestures wildly while chanting.
The orc wizard flickers and vanishes!
The orc priest mumbles some strange prayers to Beogh against you.
Beogh smites you!
You feel threatened and lose the ability to read scrolls!
You die...

.......ooo .........
....... .....# #.#.#
#.So# ... #oo# ###..#
. ###o{# ##.....#
#.###..{@##...# ..
......##.#..# .# #
...........#####.##..#
......##)............#
......#†)##.#)..#####
........###.#.###
......### #.#.# ......
#...# ##### ..$..
#######.#####...#


You could see an orc priest, 3 orcs and a ball python.

Vanquished Creatures
  An orc priest (D:4)
  An adder (D:2)
  A dart slug (D:4)
  3 orcs (D:4)
  5 ball pythons
  3 endoplasms
  4 giant cockroaches
  4 hobgoblins
  2 jackals (D:1)
  2 bats (D:1)
  2 frilled lizards (D:1)
  6 goblins (D:1)
  9 kobolds
  4 rats
47 creatures vanquished.

Notes
Turn   | Place    | Note
-------+----------+-------------------------------------------
     0 | Abyss:1  | blazefirestorm the Minotaur Abyssal Knight began the quest
                  | for the Orb.
     0 | Abyss:1  | Reached XP level 1. HP: 19/19 MP: 1/1
     2 | D:1      | Escaped the Abyss
   418 | D:1      | Found a faded altar of an unknown god.
   515 | D:1      | Reached skill level 4 in Fighting
   515 | D:1      | Reached XP level 2. HP: 25/27 MP: 2/2
   951 | D:1      | Gained mutation: You occasionally lose the ability to read
                  | scrolls when taking damage. [potion of mutation]
   951 | D:1      | Gained mutation: You occasionally lose the ability to drink
                  | potions when taking damage. [potion of mutation]
  1051 | D:1      | Reached XP level 3. HP: 21/33 MP: 3/3
  1078 | D:1      | Reached *** piety under Lugonu
  1377 | D:2      | Found Foamedohekh's Antique Armour Emporium.
  2209 | D:2      | You fall into a shaft and drop 2 floors!
  2275 | D:4      | Noticed a necrophage
  2298 | D:4      | Reached XP level 4. HP: 33/41 MP: 4/4
  2332 | D:4      | Killed from afar by an orc priest

Illustrated notes

Levels and vault maps discovered:
D:1:      dpeg_arrival_morbid_curiosity, layout_loops_corners,
          shapermc_ecumenical_altar_venn, hangedman_decor_riveting,
          nrook_mini_vaults, minmay_vboxes
D:2:      layout_rooms, serial_shops, shop
D:4:      layout_rooms, temple_pool_b, ebering_ghost_gozag

Skill      XL: |  1  2  3 |
---------------+----------+-----
Fighting       | 4 |  4.6
Invocations    | 2 |  2.0
Maces & Flails | 3 |  3.8
Armour         | 3 |  3.1
Dodging        | |  1.6
Stealth        | |  0.1

Action                   |  1- 3 |  4- 6 || total
-------------------------+-------+-------++-------
Melee: Mace              |    86 |    12 ||    98
       Headbutt          |     3 |     4 ||     7
  Use: Potion            |     2 |     1 ||     3
       Scroll            |     1 |       ||     1
Armor: Ring mail         |    27 |       ||    27
       Leather armour    |     1 |       ||     1
       Plate armour      |    25 |    22 ||    47
Dodge: Dodged            |    56 |     7 ||    63
